[Event "Djerba Festival Open-B 2025"]
[Site "Djerba"]
[Date "2025.02.18"]
[Round "4.10"]
[White "Mendili, Jahed"]
[Black "Schmittheisler, Guillaume"]
[Result "0-1"]
[Annotator "NA"]
[ECO "C02"]
[WhiteElo "1771"]
[BlackElo "1888"]
[PlyCount "48"]
[EventDate "2025.02.15"]
[EventType "swiss"]
[EventCountry "TUN"]
[SourceTitle "playchess.com"]
[Source "ChessBase"]
[SourceQuality "1"]
[TimeControl "5400+30"]

1. e4 e6 2. d4 d5 3. e5 c5 4. c3 Nc6 5. Nf3 Bd7 6. a3 f6 7. Bf4 fxe5 8. Nxe5 Nxe5 9. Bxe5 Nf6 10. Bd3 c4 11. Bc2 Qb6 12. Ra2 Bd6 13. O-O O-O 14. Nd2 Be8 15. f4 Bh5 16. Qe1 Bxe5 17. fxe5 Ng4 18. Qh4 Ne3 19. Bxh7+ Kxh7 20. Qxh5+ Kg8 21. Rxf8+ Rxf8 22. g4 Qb3 23. Ra1 Qxb2 24. Rb1 Qxb1+ 0-1

[Event "Djerba Festival Open-B 2025"]
[Site "Djerba"]
[Date "2025.02.18"]
[Round "4.11"]
[White "Baba, Mouadh"]
[Black "Cornileau, Raphael"]
[Result "0-1"]
[Annotator "NA"]
[ECO "C45"]
[WhiteElo "1688"]
[BlackElo "1864"]
[PlyCount "92"]
[EventDate "2025.02.15"]
[EventType "swiss"]
[EventCountry "TUN"]
[SourceTitle "playchess.com"]
[Source "ChessBase"]
[SourceQuality "1"]
[TimeControl "5400+30"]

1. e4 e5 2. Nf3 Nc6 3. d4 exd4 4. Nxd4 Nf6 5. Nxc6 bxc6 6. Bd3 d5 7. exd5 cxd5 8. O-O Be7 9. c4 d4 10. b4 O-O 11. a3 Bb7 12. Nd2 a5 13. b5 Nd7 14. Nb3 Bf6 15. Bb2 Nb6 16. Nxd4 g6 17. Be2 Qd6 18. Qc2 Bxd4 19. Rad1 Bxf2+ 20. Rxf2 Qe6 21. Kh1 f6 22. Rdf1 Nd7 23. c5 Bd5 24. Rf4 Ne5 25. Bd3 Rad8 26. Be4 Bc4 27. Rc1 Bxb5 28. a4 Bd3 29. Bxd3 Nxd3 30. Qd2 Nxf4 31. Qxf4 Qe2 32. Bd4 g5 33. Qe3 Qxe3 34. Bxe3 Rd3 35. Bf2 Ra3 36. Bg3 Rf7 37. h3 Rxa4 38. c6 Rd4 39. Rb1 Rc4 40. Ra1 a4 41. Ra3 Re7 42. Kh2 h5 43. Kg1 h4 44. Bh2 f5 45. g3 Rc1+ 46. Kf2 Rc2+ 0-1

[Event "Djerba Festival Open-B 2025"]
[Site "Djerba"]
[Date "2025.02.18"]
[Round "4.12"]
[White "Bensaid, Brahim"]
[Black "Bensadi, Lotfi"]
[Result "0-1"]
[Annotator "NA"]
[ECO "B92"]
[WhiteElo "1743"]
[BlackElo "1971"]
[PlyCount "80"]
[EventDate "2025.02.15"]
[EventType "swiss"]
[EventCountry "TUN"]
[SourceTitle "playchess.com"]
[Source "ChessBase"]
[SourceQuality "1"]
[TimeControl "5400+30"]

1. e4 c5 2. Nf3 d6 3. d4 cxd4 4. Nxd4 Nf6 5. Nc3 a6 6. Be2 e5 7. Nf3 Be7 8. O-O O-O 9. h3 Nbd7 10. Be3 b5 11. a3 Bb7 12. Nd2 Nc5 13. f3 d5 14. exd5 Nxd5 15. Nxd5 Bxd5 16. b4 Na4 17. Bd3 f5 18. Qe1 Nb2 19. Qe2 Rc8 20. Rac1 Bc4 21. Bxc4+ Nxc4 22. Nxc4 Rxc4 23. Rfd1 Qc7 24. Rd3 Rc8 25. Qd2 Rxc2 26. Rxc2 Qxc2 27. Qxc2 Rxc2 28. Kf1 Kf7 29. Bd2 Ke6 30. Ke2 Bg5 31. Kd1 Rxd2+ 32. Rxd2 Bxd2 33. Kxd2 f4 34. Kc3 Kd5 35. Kb3 g5 36. Kc3 e4 37. Kd2 exf3 38. gxf3 Kd4 39. Ke2 Kc3 40. Kf2 Kd2 0-1

[Event "Djerba Festival Open-B 2025"]
[Site "Djerba"]
[Date "2025.02.18"]
[Round "4.13"]
[White "Belhaj, Nadhem"]
[Black "Cornette, Francois"]
[Result "1/2-1/2"]
[Annotator "ChessBase"]
[ECO "A90"]
[WhiteElo "1960"]
[BlackElo "1680"]
[PlyCount "58"]
[EventDate "2025.02.15"]
[EventType "swiss"]
[EventCountry "TUN"]
[SourceTitle "playchess.com"]
[Source "ChessBase"]
[SourceQuality "1"]
[TimeControl "5400+30"]

1. Nf3 d5 2. c4 e6 3. g3 c6 4. Bg2 f5 5. O-O Nf6 6. b3 Bd6 7. Bb2 Qe7 8. d4 O-O 9. Qc1 Nbd7 10. Ba3 c5 11. cxd5 exd5 12. Nc3 b6 13. Nb5 Bb8 14. dxc5 Nxc5 15. Nbd4 Bd7 16. Rd1 Bd6 17. Qb2 Rac8 18. Rac1 Rfe8 19. Qb1 Nce4 20. Bxd6 Qxd6 21. Qb2 f4 22. Nd2 Nxf2 23. Kxf2 fxg3+ 24. Kg1 Qe5 25. h3 Qe3+ 26. Kh1 Ng4 27. hxg4 Qh6+ 28. Kg1 Qe3+ 29. Kh1 Qh6+ 1/2-1/2

[Event "Djerba Festival Open-B 2025"]
[Site "Djerba"]
[Date "2025.02.18"]
[Round "4.14"]
[White "Marceil, Jean"]
[Black "Ben Othman, Zahreddine"]
[Result "1-0"]
[Annotator "ChessBase"]
[ECO "A52"]
[WhiteElo "1901"]
[BlackElo "1718"]
[PlyCount "101"]
[EventDate "2025.02.15"]
[EventType "swiss"]
[EventCountry "TUN"]
[SourceTitle "playchess.com"]
[Source "ChessBase"]
[SourceQuality "1"]
[TimeControl "5400+30"]

1. d4 Nf6 2. c4 e5 3. dxe5 Ng4 4. e4 Nxe5 5. f4 Nec6 6. Be3 Bb4+ 7. Nc3 Qh4+ 8. g3 Qe7 9. Bd3 Bxc3+ 10. bxc3 Na6 11. Qh5 d6 12. Nf3 g6 13. Qg5 f6 14. Qb5 Nc5 15. Bxc5 dxc5 16. O-O O-O 17. Rae1 a6 18. Qa4 Bd7 19. Qc2 Bg4 20. Nh4 Rae8 21. Ng2 Bh3 22. Rf2 Bxg2 23. Kxg2 g5 24. Qe2 Rf7 25. Qh5 Qd7 26. Bc2 gxf4 27. gxf4 Rg7+ 28. Kf3 Rf8 29. Rd1 Qe6 30. Qd5 Nd8 31. Rdd2 Kh8 32. Qxe6 Nxe6 33. Rg2 Rfg8 34. Rxg7 Rxg7 35. Ba4 Re7 36. Bd7 Nf8 37. Bf5 Kg7 38. Rd5 b6 39. h4 Kh6 40. e5 fxe5 41. fxe5 Ng6 42. Bxg6 Kxg6 43. Ke4 Kf7 44. Kf5 a5 45. Rd8 Re6 46. Rd7+ Re7 47. e6+ Ke8 48. Rxe7+ Kxe7 49. h5 c6 50. a4 h6 51. Ke4 1-0

[Event "Djerba Festival Open-B 2025"]
[Site "Djerba"]
[Date "2025.02.18"]
[Round "4.15"]
[White "Ajbara Jamal"]
[Black "Kolodner, Garry"]
[Result "1-0"]
[Annotator "NA"]
[ECO "E93"]
[WhiteElo "1898"]
[BlackElo "1697"]
[PlyCount "91"]
[EventDate "2025.02.15"]
[EventType "swiss"]
[EventCountry "TUN"]
[SourceTitle "playchess.com"]
[Source "ChessBase"]
[SourceQuality "1"]
[TimeControl "5400+30"]

1. d4 g6 2. c4 Bg7 3. Nc3 d6 4. e4 Nf6 5. Bg5 O-O 6. Be2 Nbd7 7. Nf3 e5 8. d5 a5 9. a3 h6 10. Bh4 g5 11. Bg3 Nc5 12. Nd2 a4 13. h4 g4 14. h5 Nh7 15. Nf1 f5 16. exf5 Bxf5 17. Ne3 Nb3 18. Nxf5 Rxf5 19. Bxg4 Rf8 20. Rb1 Qg5 21. Ne4 Qe7 22. Bh4 Qe8 23. O-O Rf4 24. Re1 Rf8 25. Rf1 Rf4 26. Re1 Nf6 27. Bxf6 Bxf6 28. g3 Rxe4 29. Rxe4 Nc5 30. Re3 b5 31. cxb5 Qxb5 32. Bf5 Bg5 33. Qg4 Kh8 34. f4 exf4 35. gxf4 Rg8 36. Rg3 Qb6 37. Kh2 Qa5 38. Rd1 Qb5 39. Rd2 Qf1 40. fxg5 Rxg5 41. Qd4+ Kg8 42. Rxg5+ hxg5 43. Be6+ Kh7 44. Rf2 Qe1 45. Rf7+ Kh6 46. Qh8# 1-0

[Event "Djerba Festival Open-B 2025"]
[Site "Djerba"]
[Date "2025.02.18"]
[Round "4.16"]
[White "Farouz, Pierre"]
[Black "Tahir, Abderrahmane"]
[Result "0-1"]
[Annotator "NA"]
[ECO "A45"]
[WhiteElo "1717"]
[BlackElo "1891"]
[PlyCount "60"]
[EventDate "2025.02.15"]
[EventType "swiss"]
[EventCountry "TUN"]
[SourceTitle "playchess.com"]
[Source "ChessBase"]
[SourceQuality "1"]
[TimeControl "5400+30"]

1. d4 Nf6 2. Nc3 g6 3. Bf4 d6 4. e3 Bg7 5. h4 h5 6. Be2 Nbd7 7. Nf3 c6 8. Qd2 Qa5 9. Ne4 Qb6 10. Nxf6+ Nxf6 11. c3 Bg4 12. Ng5 Bxe2 13. Qxe2 Nd5 14. Bg3 e5 15. O-O O-O 16. c4 Ne7 17. c5 dxc5 18. dxe5 Nf5 19. Qf3 Rae8 20. e6 fxe6 21. Qe4 Qb4 22. Qc2 Nxg3 23. Qxg6 Ne2+ 24. Kh1 Qxh4+ 25. Nh3 Qg4 26. Ng5 Qh4+ 27. Nh3 Qg4 28. Ng5 Qf5 29. Qxh5 Bf6 30. f4 Ng3+ 0-1

[Event "Djerba Festival Open-B 2025"]
[Site "Djerba"]
[Date "2025.02.18"]
[Round "4.17"]
[White "Chargui, Saleh"]
[Black "Minde, Timothe"]
[Result "0-1"]
[Annotator "NA"]
[ECO "E41"]
[WhiteElo "1709"]
[BlackElo "1879"]
[PlyCount "50"]
[EventDate "2025.02.15"]
[EventType "swiss"]
[EventCountry "TUN"]
[SourceTitle "playchess.com"]
[Source "ChessBase"]
[SourceQuality "1"]
[TimeControl "5400+30"]

1. d4 Nf6 2. c4 e6 3. Nf3 Bb4+ 4. Nc3 c5 5. Bd2 Nc6 6. e3 O-O 7. a3 Bxc3 8. Bxc3 Ne4 9. Bd3 Nxc3 10. bxc3 d6 11. O-O e5 12. d5 Ne7 13. e4 h6 14. h3 f5 15. exf5 Bxf5 16. Qc2 Bxh3 17. Nh4 Rf4 18. Bh7+ Kh8 19. Ng6+ Nxg6 20. Bxg6 Bxg2 21. f3 Bxf3 22. Rf2 Qh4 23. Rxf3 Rxf3 24. Be4 Qg4+ 25. Qg2 Rg3 0-1

[Event "Djerba Festival Open-B 2025"]
[Site "Djerba"]
[Date "2025.02.18"]
[Round "4.18"]
[White "Alsaiti, Mohamed Abdalgader"]
[Black "Tkitek Mohamed Mejed"]
[Result "1/2-1/2"]
[Annotator "NA"]
[ECO "A47"]
[WhiteElo "1674"]
[BlackElo "1875"]
[PlyCount "71"]
[EventDate "2025.02.15"]
[EventType "swiss"]
[EventCountry "TUN"]
[SourceTitle "playchess.com"]
[Source "ChessBase"]
[SourceQuality "1"]
[TimeControl "5400+30"]

1. d4 Nf6 2. Nc3 e6 3. Bf4 b6 4. e3 Bb7 5. Nf3 a6 6. h3 Be7 7. Bd3 d5 8. Ne5 Nbd7 9. Qf3 c5 10. g4 cxd4 11. exd4 Bb4 12. g5 Nxe5 13. Bxe5 Ne4 14. Bxe4 dxe4 15. Qe3 O-O 16. Rg1 Rc8 17. h4 Qd5 18. h5 Rxc3 19. bxc3 Bd6 20. Qf4 Bxe5 21. Qxe5 Qc4 22. Rg3 Qd5 23. h6 Qxe5 24. dxe5 Rc8 25. Rd1 Bd5 26. a4 g6 27. Rb1 Rc6 28. Kd2 Kf8 29. Rgg1 Ke7 30. Rb2 Kd7 31. Rgb1 Kc7 32. Rg1 Kd7 33. Rgb1 Kc7 34. Rg1 Kb7 35. Rgb1 a5 36. Rg1 1/2-1/2

[Event "Djerba Festival Open-B 2025"]
[Site "Djerba"]
[Date "2025.02.18"]
[Round "4.19"]
[White "Perrusset, Barbara"]
[Black "Falezan, Arnaud"]
[Result "1/2-1/2"]
[Annotator "NA"]
[ECO "C47"]
[WhiteElo "1869"]
[BlackElo "1662"]
[PlyCount "155"]
[EventDate "2025.02.15"]
[EventType "swiss"]
[EventCountry "TUN"]
[SourceTitle "playchess.com"]
[Source "ChessBase"]
[SourceQuality "1"]
[TimeControl "5400+30"]

1. e4 e5 2. Nf3 Nc6 3. Nc3 Nf6 4. d4 exd4 5. Nxd4 Bb4 6. Nxc6 bxc6 7. Bd3 d5 8. exd5 O-O 9. O-O cxd5 10. Bg5 c6 11. Na4 Re8 12. c3 Bd6 13. Qf3 Be7 14. Rfe1 Be6 15. b4 a5 16. a3 axb4 17. axb4 Nd7 18. Bxe7 Qxe7 19. Bc2 Qg5 20. Qd3 g6 21. Qe3 Qf6 22. Nc5 Rxa1 23. Rxa1 Nxc5 24. Qxc5 Bd7 25. Bd3 Qe5 26. Qd4 Qxd4 27. cxd4 Rb8 28. Rb1 Kg7 29. Kf1 Kf6 30. Ke2 Bf5 31. Bxf5 Kxf5 32. Kd3 Ra8 33. Rb3 Kf4 34. Rc3 Ra6 35. Rc5 Ra3+ 36. Ke2 Ke4 37. Rxc6 Ra2+ 38. Ke1 Kd3 39. Rc1 Kxd4 40. Rb1 Ra6 41. Kd2 Rb6 42. b5 Kc5 43. Rc1+ Kxb5 44. Rc7 Rf6 45. f3 Kb6 46. Rc8 Kb7 47. Rc5 Rd6 48. Kd3 Kb6 49. Kd4 Rc6 50. Rxd5 Rc2 51. g3 Rxh2 52. Ke3 Kc6 53. Rd8 Rh5 54. Ke4 Kc7 55. Rd2 Rc5 56. Rh2 h5 57. Rd2 f6 58. Ke3 Rc6 59. Rd4 Rd6 60. Ra4 Kd7 61. Ra8 Ke6 62. Ra5 Rd5 63. Ra6+ Kf5 64. Ra4 g5 65. Re4 Re5 66. g4+ hxg4 67. fxg4+ Ke6 68. Kf3 Kd5 69. Ra4 Ke6 70. Ra6+ Kf7 71. Rb6 Ra5 72. Rc6 Ra4 73. Rb6 Rf4+ 74. Kg3 f5 75. Rb7+ Kf6 76. Rb6+ Ke7 77. gxf5 Rxf5 78. Kg4 1/2-1/2

[Event "Djerba Festival Open-B 2025"]
[Site "Djerba"]
[Date "2025.02.18"]
[Round "4.20"]
[White "Alouani, Ahmed"]
[Black "Le Dore, Yann"]
[Result "0-1"]
[Annotator "NA"]
[ECO "A48"]
[WhiteElo "1617"]
[BlackElo "1846"]
[PlyCount "92"]
[EventDate "2025.02.15"]
[EventType "swiss"]
[EventCountry "TUN"]
[SourceTitle "playchess.com"]
[Source "ChessBase"]
[SourceQuality "1"]
[TimeControl "5400+30"]

1. d4 Nf6 2. Nf3 c5 3. e3 g6 4. b3 cxd4 5. exd4 Bg7 6. Bb2 O-O 7. Be2 Qa5+ 8. Qd2 Qb6 9. Nc3 d5 10. Na4 Qc7 11. Nc3 Bg4 12. h3 Bxf3 13. Bxf3 e6 14. O-O Nc6 15. Na4 Rfd8 16. Rfe1 Rac8 17. c4 dxc4 18. bxc4 Nxd4 19. Bxd4 Qxc4 20. Rac1 Qxa4 21. Rxc8 Rxc8 22. Qb2 Rc2 23. Qb3 Qxb3 24. axb3 b6 25. Be5 Nd7 26. Bf4 Bd4 27. Rd1 e5 28. Bh6 Bxf2+ 29. Kh2 Bd4 30. Bd5 Nf6 31. Bc4 Nh5 32. Rd3 Ng7 33. Bd2 Nf5 34. Bb4 Ne3 35. Bb5 Nxg2 36. Kh1 Nf4 37. Rd1 Nxh3 38. Be1 Nf2+ 39. Bxf2 Rxf2 40. Bc4 a5 41. Rc1 Kg7 42. b4 a4 43. b5 a3 44. Rg1 Rf4 45. Rc1 Bb2 46. Rc2 Rxc4 0-1

[Event "Djerba Festival Open-B 2025"]
[Site "Djerba"]
[Date "2025.02.18"]
[Round "4.21"]
[White "Zerarga, Imene"]
[Black "Nahom, Perez"]
[Result "1-0"]
[Annotator "NA"]
[ECO "B76"]
[WhiteElo "1831"]
[BlackElo "1641"]
[PlyCount "61"]
[EventDate "2025.02.15"]
[EventType "swiss"]
[EventCountry "TUN"]
[SourceTitle "playchess.com"]
[Source "ChessBase"]
[SourceQuality "1"]
[TimeControl "5400+30"]

1. e4 c5 2. Nf3 d6 3. d4 cxd4 4. Nxd4 g6 5. Be3 Bg7 6. Nc3 Nf6 7. f3 O-O 8. Qd2 Nc6 9. O-O-O d5 10. exd5 Nxd5 11. Nxc6 bxc6 12. Bd4 Nxc3 13. Qxc3 Bxd4 14. Rxd4 Qb6 15. h4 h5 16. g4 hxg4 17. fxg4 c5 18. Rc4 Be6 19. Rxc5 Bxg4 20. h5 Rfc8 21. hxg6 f6 22. Qc4+ Qe6 23. Qxe6+ Bxe6 24. Rch5 Kg7 25. Rh7+ Kxg6 26. Bd3+ Kg5 27. Rg1+ Kf4 28. Rxe7 Re8 29. Rf1+ Ke5 30. Re1+ Kd6 31. R1xe6+ 1-0

[Event "Djerba Festival Open-B 2025"]
[Site "Djerba"]
[Date "2025.02.18"]
[Round "4.22"]
[White "Skhiri Youssef"]
[Black "Chaudesaygues, Hugo"]
[Result "1-0"]
[Annotator "NA"]
[ECO "A20"]
[WhiteElo "1808"]
[BlackElo "1624"]
[PlyCount "69"]
[EventDate "2025.02.15"]
[EventType "swiss"]
[EventCountry "TUN"]
[SourceTitle "playchess.com"]
[Source "ChessBase"]
[SourceQuality "1"]
[TimeControl "5400+30"]

1. c4 e5 2. g3 Nf6 3. Bg2 c6 4. d4 exd4 5. Qxd4 Qb6 6. Be3 Qxd4 7. Bxd4 c5 8. Bxf6 gxf6 9. Nc3 Nc6 10. Nd5 Kd8 11. O-O-O Bg7 12. Nh3 Nb4 13. Nxb4 cxb4 14. e3 Rb8 15. Nf4 h5 16. Bf3 h4 17. gxh4 b5 18. c5 Bb7 19. c6 Bc8 20. Nh5 Bf8 21. Nxf6 d6 22. Nd5 Ke8 23. c7 Rb7 24. Nf6+ Ke7 25. Bxb7 Bxb7 26. Nd5+ Kd7 27. h5 Bg7 28. Rhg1 Be5 29. f4 Ke6 30. fxe5 Bxd5 31. exd6 Bc6 32. h6 Bd7 33. h7 Rxh7 34. Rg8 Rxh2 35. Re8+ 1-0

[Event "Djerba Festival Open-B 2025"]
[Site "Djerba"]
[Date "2025.02.18"]
[Round "4.23"]
[White "Girard, Adrien"]
[Black "Ferahi, Tarik"]
[Result "1/2-1/2"]
[Annotator "NA"]
[ECO "C45"]
[WhiteElo "1796"]
[BlackElo "1612"]
[PlyCount "69"]
[EventDate "2025.02.15"]
[EventType "swiss"]
[EventCountry "TUN"]
[SourceTitle "playchess.com"]
[Source "ChessBase"]
[SourceQuality "1"]
[TimeControl "5400+30"]

1. e4 e5 2. Nf3 Nc6 3. d4 exd4 4. Nxd4 Qe7 5. Nc3 Nxd4 6. Qxd4 Qc5 7. Be3 Qxd4 8. Bxd4 Bb4 9. Bxg7 d6 10. Bxh8 f6 11. O-O-O Bxc3 12. bxc3 Be6 13. Kb1 Kf7 14. f4 Ne7 15. f5 Bxa2+ 16. Kxa2 Rxh8 17. Bc4+ Kg7 18. g4 a6 19. h4 b5 20. Be6 Rb8 21. g5 Rb6 22. Rhg1 c5 23. h5 b4 24. Rb1 a5 25. h6+ Kh8 26. g6 hxg6 27. fxg6 Rb8 28. cxb4 axb4 29. Rbf1 Ra8+ 30. Kb2 c4 31. Rxf6 c3+ 32. Kb3 Ra3+ 33. Kxb4 Nd5+ 34. Bxd5 Rb3+ 35. Kxb3 1/2-1/2

[Event "Djerba Festival Open-B 2025"]
[Site "Djerba"]
[Date "2025.02.18"]
[Round "4.24"]
[White "Banat, Rizlene"]
[Black "Weslati, Monem"]
[Result "1/2-1/2"]
[Annotator "NA"]
[ECO "A38"]
[WhiteElo "1785"]
[BlackElo "1591"]
[PlyCount "46"]
[EventDate "2025.02.15"]
[EventType "swiss"]
[EventCountry "TUN"]
[SourceTitle "playchess.com"]
[Source "ChessBase"]
[SourceQuality "1"]
[TimeControl "5400+30"]

1. Nf3 Nf6 2. c4 c5 3. g3 g6 4. Bg2 Bg7 5. O-O Nc6 6. Nc3 d6 7. d3 Bd7 8. Rb1 Bg4 9. a3 a5 10. h3 Bd7 11. Nd2 Qc8 12. Kh2 h5 13. Nde4 Nh7 14. Nd5 Ra6 15. Bd2 Nd4 16. e3 Ne6 17. Bc3 f6 18. Nf4 Kf7 19. Nxe6 Bxe6 20. f4 Bd7 21. Nf2 e6 22. Qe1 Qc7 23. Qd2 a4 1/2-1/2

[Event "Djerba Festival Open-B 2025"]
[Site "Djerba"]
[Date "2025.02.18"]
[Round "4.25"]
[White "Chavallard, Yanis"]
[Black "Smida, Tahar"]
[Result "0-1"]
[Annotator "NA"]
[ECO "A14"]
[WhiteElo "1605"]
[BlackElo "1769"]
[PlyCount "131"]
[EventDate "2025.02.15"]
[EventType "swiss"]
[EventCountry "TUN"]
[SourceTitle "playchess.com"]
[Source "ChessBase"]
[SourceQuality "1"]
[TimeControl "5400+30"]

1. c4 Nf6 2. g3 e6 3. Nf3 d5 4. Bg2 Be7 5. O-O O-O 6. Nc3 c6 7. cxd5 exd5 8. b3 Nbd7 9. Bb2 Nc5 10. Qc2 d4 11. Nxd4 Qxd4 12. Nd5 Qxd5 13. Bxd5 Nxd5 14. Ba3 Ne6 15. Bb2 Bf6 16. e4 Nb4 17. Qb1 Nd4 18. Qd1 Bh3 19. Re1 Nd3 20. Bxd4 Bxd4 21. Qf3 Nxf2 22. Rab1 Nxe4+ 23. Kh1 Nf2+ 24. Kg1 Bg4 25. Qg2 Nd3+ 26. Kf1 Nxe1 27. Rxe1 Rfe8 28. Re4 Rxe4 29. Qxe4 Bh3+ 30. Ke1 Bb6 31. Qe7 Rb8 32. Qe5 Rf8 33. Qe7 Bc8 34. Ke2 Bd8 35. Qe3 a6 36. Kf3 Be6 37. Qa7 Bc8 38. Qe3 Bf6 39. Qe4 h6 40. Qe3 Rd8 41. Qe2 Bg5 42. h4 Bxd2 43. Qe7 Rf8 44. Qc5 a5 45. a3 Re8 46. Qf2 Be3 47. Qe1 b6 48. Qd1 Bc5 49. a4 Be6 50. Kf4 Bd5 51. h5 Re4+ 52. Kf5 Kh7 53. Qg4 Rxg4 54. Kxg4 Bxb3 55. Kh4 Be6 56. g4 Bxg4 57. Kxg4 b5 58. axb5 cxb5 59. Kf4 g5+ 60. hxg6+ fxg6 61. Ke4 Bd4 62. Kxd4 g5 63. Ke4 b4 64. Kd3 a4 65. Kc2 Kg6 66. Kd1 0-1

[Event "Djerba Festival Open-B 2025"]
[Site "Djerba"]
[Date "2025.02.18"]
[Round "4.26"]
[White "Chelli, Hichem"]
[Black "Feurprier, Matteo"]
[Result "1-0"]
[Annotator "NA"]
[ECO "D55"]
[WhiteElo "1763"]
[BlackElo "1537"]
[PlyCount "80"]
[EventDate "2025.02.15"]
[EventType "swiss"]
[EventCountry "TUN"]
[SourceTitle "playchess.com"]
[Source "ChessBase"]
[SourceQuality "1"]
[TimeControl "5400+30"]

1. d4 d5 2. c4 e6 3. Nc3 Nf6 4. Bg5 Be7 5. e3 c6 6. Nf3 Nbd7 7. Rc1 b6 8. Bd3 Bb7 9. cxd5 exd5 10. O-O O-O 11. a3 c5 12. Qc2 h6 13. Bh4 Ne4 14. Bxe7 Qxe7 15. Rfe1 Rac8 16. Qa4 c4 17. Bxe4 dxe4 18. Nd2 a6 19. Ncxe4 Bxe4 20. Nxe4 Qxe4 21. Qxd7 Rfd8 22. Qa4 Ra8 23. Qxc4 b5 24. Qc6 Qd3 25. Qc2 Qxc2 26. Rxc2 Rac8 27. Rec1 Rxc2 28. Rxc2 Kf8 29. Kf1 Ke7 30. Ke2 Kd6 31. Kd3 f6 32. e4 Rd7 33. Rc5 Re7 34. f4 g5 35. Rd5+ Kc6 36. Rf5 Rf7 37. d5+ Kd6 38. g3 gxf4 39. gxf4 Ke7 40. e5 Ke8 1-0

[Event "Djerba Festival Open-B 2025"]
[Site "Djerba"]
[Date "2025.02.18"]
[Round "4.27"]
[White "Mallah, Abderrahmane"]
[Black "Abokrais, Kaled"]
[Result "0-1"]
[Annotator "NA"]
[ECO "B32"]
[WhiteElo "1556"]
[BlackElo "1902"]
[PlyCount "54"]
[EventDate "2025.02.15"]
[EventType "swiss"]
[EventCountry "TUN"]
[SourceTitle "playchess.com"]
[Source "ChessBase"]
[SourceQuality "1"]
[TimeControl "5400+30"]

1. e4 c5 2. Nf3 Nc6 3. d4 cxd4 4. Nxd4 e5 5. Nb5 d6 6. N1c3 a6 7. Na3 h6 8. Nd5 Nf6 9. Nxf6+ Qxf6 10. Nc4 b5 11. Nb6 Rb8 12. Nxc8 Rxc8 13. Be2 Qg6 14. Bf3 Nd4 15. c3 Nxf3+ 16. Qxf3 Be7 17. O-O O-O 18. Be3 Rc4 19. Qe2 Qxe4 20. f3 Qg6 21. a4 Qe6 22. axb5 axb5 23. Rfc1 Rfc8 24. Bd2 Qd5 25. Rd1 Qb7 26. b3 R4c6 27. Ra5 Qb6+ 0-1

[Event "Djerba Festival Open-B 2025"]
[Site "Djerba"]
[Date "2025.02.18"]
[Round "4.28"]
[White "MEZGOURI NOUREDDINE"]
[Black "Guinet, Stephane"]
[Result "1-0"]
[Annotator "NA"]
[ECO "A85"]
[WhiteElo "1891"]
[BlackElo "1617"]
[PlyCount "41"]
[EventDate "2025.02.15"]
[EventType "swiss"]
[EventCountry "TUN"]
[SourceTitle "playchess.com"]
[Source "ChessBase"]
[SourceQuality "1"]
[TimeControl "5400+30"]

1. d4 f5 2. c4 Nf6 3. Nc3 g6 4. Bf4 d6 5. Nf3 Bg7 6. e3 O-O 7. Qb3 h6 8. h3 Kh7 9. O-O-O e6 10. Be2 b6 11. g4 fxg4 12. hxg4 Bb7 13. Ng5+ Kg8 14. Nxe6 Qe7 15. Nxf8 Bxh1 16. Nxg6 Qf7 17. Nh4 Bb7 18. Nf5 Nc6 19. Bxh6 Na5 20. Qc2 Bf8 21. d5 1-0

[Event "Djerba Festival Open-B 2025"]
[Site "Djerba"]
[Date "2025.02.21"]
[Round "5.1"]
[White "Lebret, Jean-Michel"]
[Black "Rafik yassine"]
[Result "0-1"]
[Annotator "RC"]
[ECO "C02"]
[WhiteElo "1995"]
[BlackElo "1909"]
[PlyCount "60"]
[EventDate "2025.02.15"]
[EventType "swiss"]
[EventCountry "TUN"]
[SourceTitle "playchess.com"]
[Source "ChessBase"]
[SourceQuality "1"]
[TimeControl "5400+30"]

1. e4 e6 2. d4 d5 3. e5 c5 4. c3 Qb6 5. Nf3 Nc6 6. a3 Nh6 7. b4 cxd4 8. cxd4 Nf5 9. Bb2 Bd7 10. Be2 Be7 11. O-O O-O 12. Bd3 a5 13. Bxf5 exf5 14. Nc3 axb4 15. Nxd5 Qd8 16. Nxe7+ Nxe7 17. d5 Bb5 18. d6 Bxf1 19. dxe7 Qxe7 20. Kxf1 bxa3 21. Bd4 b5 22. Nd2 Qb4 23. Nb3 Rfd8 24. Qf3 Rac8 25. Rd1 Qc4+ 26. Ke1 f6 27. Ba1 fxe5 28. Rxd8+ Rxd8 29. Bxe5 Re8 30. Qe3 f4 0-1

[Event "Djerba Festival Open-B 2025"]
[Site "Djerba"]
[Date "2025.02.21"]
[Round "5.2"]
[White "Zenaidi, Sadok"]
[Black "Guirat, Saber"]
[Result "1-0"]
[Annotator "RC"]
[ECO "B96"]
[WhiteElo "1872"]
[BlackElo "1956"]
[PlyCount "59"]
[EventDate "2025.02.15"]
[EventType "swiss"]
[EventCountry "TUN"]
[SourceTitle "playchess.com"]
[Source "ChessBase"]
[SourceQuality "1"]
[TimeControl "5400+30"]

1. e4 c5 2. Nf3 d6 3. d4 cxd4 4. Nxd4 Nf6 5. Nc3 a6 6. Bg5 e6 7. f4 h6 8. Bxf6 Qxf6 9. Qd2 Be7 10. Bd3 Nc6 11. Nf3 g5 12. g3 b5 13. O-O-O Bb7 14. Rhf1 Qg7 15. Rde1 O-O-O 16. Nd5 exd5 17. exd5 Bf6 18. dxc6 Bxb2+ 19. Kb1 Bxc6 20. Qa5 Kb7 21. Re7+ Rd7 22. Rxd7+ Bxd7 23. Be4+ Bc6 24. Bxc6+ Kxc6 25. Qxa6+ Kc7 26. Qa7+ Kc6 27. Qa6+ Kc7 28. Re1 Bf6 29. Nd4 Bd8 30. Nxb5+ 1-0

[Event "Djerba Festival Open-B 2025"]
[Site "Djerba"]
[Date "2025.02.21"]
[Round "5.3"]
[White "Zouaghi, Ahmed"]
[Black "Azreug, Lazhar"]
[Result "0-1"]
[Annotator "RC"]
[ECO "B30"]
[WhiteElo "1919"]
[BlackElo "1793"]
[PlyCount "98"]
[EventDate "2025.02.15"]
[EventType "swiss"]
[EventCountry "TUN"]
[SourceTitle "playchess.com"]
[Source "ChessBase"]
[SourceQuality "1"]
[TimeControl "5400+30"]

1. e4 c5 2. Nc3 Nc6 3. Bb5 Nd4 4. Nf3 e6 5. O-O a6 6. Bd3 Nxf3+ 7. Qxf3 Qc7 8. b3 Bd6 9. Qh3 Be5 10. Bb2 Ne7 11. Nd1 Ng6 12. g3 b6 13. Re1 h5 14. Qf1 h4 15. f4 Bd4+ 16. Bxd4 cxd4 17. Qf2 hxg3 18. hxg3 Qc5 19. Nb2 Bb7 20. Rac1 Qh5 21. Qg2 e5 22. f5 Ne7 23. Nc4 Bc6 24. Nxe5 d6 25. Nxc6 Nxc6 26. e5 d5 27. a3 O-O-O 28. Bxa6+ Kc7 29. Bd3 Qg4 30. Kf2 Rh3 31. Rh1 Rxh1 32. Rxh1 Nxe5 33. Rh4 Qd1 34. Be2 Qxd2 35. Qf1 Re8 36. Qd1 Qe3+ 37. Kf1 Nc6 38. Qe1 Re5 39. Qf2 Qc1+ 40. Kg2 Qxc2 41. Bf3 d3 42. Qxc2 dxc2 43. Rh1 d4 44. Rc1 d3 45. b4 Nd4 46. Bd1 Kd6 47. Kf2 d2 48. Rxc2 Nxc2 49. Bxc2 Re1 0-1

[Event "Djerba Festival Open-B 2025"]
[Site "Djerba"]
[Date "2025.02.21"]
[Round "5.4"]
[White "Schmittheisler, Guillaume"]
[Black "Kole, Arda"]
[Result "1/2-1/2"]
[Annotator "NA RC"]
[ECO "E08"]
[WhiteElo "1888"]
[BlackElo "1848"]
[PlyCount "51"]
[EventDate "2025.02.15"]
[EventType "swiss"]
[EventCountry "TUN"]
[SourceTitle "playchess.com"]
[Source "ChessBase"]
[SourceQuality "1"]
[TimeControl "5400+30"]

1. d4 Nf6 2. Nf3 e6 3. g3 d5 4. c4 Bb4+ 5. Bd2 Be7 6. Bg2 O-O 7. O-O c6 8. Qc2 Nbd7 9. Bf4 Nh5 10. Bd2 Nhf6 11. Bf4 Ne4 12. Nc3 g5 13. Be3 f5 14. Nxe4 dxe4 15. Ne5 Nxe5 16. dxe5 Bd7 17. Rad1 Qc7 18. Qd2 Rfd8 19. Bxg5 Be8 20. Qe3 Bg6 21. h4 Kf7 22. Bxe7 Qxe7 23. Qh6 Qf8 24. Qg5 Qe7 25. Qh6 Qf8 26. Qg5 1/2-1/2